 Dungeon Crawl Stone Soup version 0.19-a0-1008-g4c63d25 (webtiles) character file.

49076 Kilingo the Fencer (level 14, -17/198 HPs)
             Began as a Minotaur Berserker on July 17, 2016.
             Was the Champion of Trog.
             Killed from afar by a fire dragon (49 damage)
             ... with a blast of flame
             ... on level 6 of the Lair of Beasts on July 24, 2016.
             The game lasted 03:26:48 (19329 turns).

Kilingo the Fencer (Minotaur Berserker)            Turns: 19329, Time: 03:26:49

Health: -17/198    AC: 21    Str: 33    XL:     14   Next: 14%
Magic:  0/5        EV: 16    Int:  8    God:    Trog [******]
Gold:   1020       SH:  0    Dex: 16    Spells: 0 memorised, 13 levels left

rFire  x . .     SeeInvis +     E - +3 triple sword (antimagic)
rCold  x . .     Gourm    .     H - +1 plate armour of Vanity {rF- Dex+4}
rNeg   + + +     Faith    .     (shield currently unavailable)
rPois  .         Spirit   +     f - +2 hat {Spirit}
rElec  .         Dismiss  +     (no cloak)
rCorr  .         Reflect  .     y - +2 pair of gloves {archery}
SustAt .         Harm     .     (no boots)
MR     ++...                    x - amulet "Emefuzei" {Dismiss rC- rN+++ Str+4 Int+3}
Stlth  ..........               v - ring of see invisible
                                C - ring of protection from magic

@: berserking, about to teleport, very quick, very resistant to hostile
enchantments, extremely unstealthy
A: retaliatory headbutt, horns 2
a: Berserk, Trog's Hand, Brothers in Arms, Burn Spellbooks, Renounce Religion


You were on level 6 of the Lair of Beasts.
You worshipped Trog.
Trog was exalted by your worship.
You were hungry.

You visited 2 branches of the dungeon, and saw 16 of its levels.
You also visited: Labyrinth.

You collected 1020 gold pieces.

Inventory:

Hand Weapons
 E - a +3 antimagic triple sword (weapon)
 S - a +1 falchion of flaming
 T - a +0 greatsling
Missiles
 k - 41 sling bullets
Armour
 f - a +2 hat of spirit shield (worn)
 y - a +2 pair of gloves of archery (worn)
 H - the +1 plate armour of Vanity (worn) {rF- Dex+4}
   (You found it on level 6 of the Lair of Beasts)

   It affects your dexterity (+4).
   It makes you vulnerable to fire.
 R - the +6 scale mail of Integrity {+Inv rElec rN+++ Str-5}
   (You found it on level 6 of the Lair of Beasts)

   It affects your strength (-5).
   It insulates you from electricity.
   It renders you almost immune to negative energy.
   It lets you turn invisible.
Rods
 l - a +2 lightning rod (10/10)
   (You took it off a minotaur in a labyrinth)
Jewellery
 v - a ring of see invisible (right hand)
 x - the amulet "Emefuzei" (around neck) {Dismiss rC- rN+++ Str+4 Int+3}
   (You found it on level 4 of the Dungeon)

   [amulet of dismissal]

   It may teleport away creatures that harm you.
   It affects your strength (+4).
   It affects your intelligence (+3).
   It makes you vulnerable to cold.
   It renders you almost immune to negative energy.
 C - a ring of protection from magic (left hand)
 Q - the amulet of Dedoy {+Rage rPois rF- Int+2}
   (You found it on level 8 of the Dungeon)

   [amulet of rage]

   It affects your intelligence (+2).
   It makes you vulnerable to fire.
   It protects you from poison.
   It lets you go berserk.
Wands
 m - a wand of random effects (1/48)
 p - a wand of heal wounds (2/9)
 A - a wand of iceblast (3/15)
 N - a wand of teleportation (0/9)
 O - a wand of flame (6/48)
 U - a wand of paralysis (12/24)
Scrolls
 b - 3 scrolls of teleportation
 i - 2 scrolls of blinking {unknown}
 j - 3 scrolls of enchant weapon
 r - 2 scrolls of acquirement {unknown}
 s - a scroll of vulnerability {unknown}
 u - a scroll of remove curse
 w - 2 scrolls of enchant armour {unknown}
 B - 2 scrolls of recharging {unknown}
 D - a scroll of fog {unknown}
 M - 2 scrolls of amnesia {unknown}
 V - a scroll of brand weapon {unknown}
 W - 2 scrolls of torment
 Y - 2 scrolls of immolation {unknown}
 Z - a scroll of holy word {unknown}
Potions
 e - a potion of berserk rage {unknown}
 g - 2 potions of brilliance {unknown}
 h - a potion of heal wounds
 o - a potion of lignification {unknown}
 q - a potion of resistance {unknown}
 t - 2 potions of cancellation {unknown}
 z - 5 potions of haste
 F - 2 potions of invisibility {unknown}
 G - a potion of agility {unknown}
 L - 2 potions of magic {unknown}
Miscellaneous
 X - a fan of gales
Comestibles
 a - 6 slices of pizza
 c - 7 bread rations
 n - 12 royal jellies
 J - 7 beef jerkies
 K - 5 meat rations
 P - 6 fruits


   Skills:
 + Level 14.0 Fighting
 + Level 15.7 Long Blades
 + Level 5.5(6.0) Slings
 + Level 2.9(4.3) Throwing
 + Level 10.1 Armour
 + Level 12.7 Dodging
 + Level 6.3 Stealth
 + Level 3.6 Evocations


You had 13 spell levels left.
You didn't know any spells.

Dungeon Overview and Level Annotations

Branches:
Dungeon (10/15)            Temple (0/1) D:5            Lair (6/6) D:8
 Shoals (0/4) Lair:2       Spider (0/4) Lair:3        Slime (0/5) Lair:5
    Orc: D:9-12

Altars:
Cheibriados
Dithmenos
Elyvilon
Gozag
Makhleb
Nemelex Xobeh
Pakellas
Ru
Uskayaw
Yredelemnul
Zin
The Shining One
Jiyva

Shops:
D:4 }

Annotations:
Lair:6 1 runed door


Innate Abilities, Weirdness & Mutations

You reflexively headbutt those who attack you in melee.
You have a pair of horns on your head.


Message History

Zapping:
N - a wand of teleportation (1/9)
Press: ? - help, Shift-Dir - straight line, f - you You feel strangely unstable.
This wand has 0 charges left.
You are feeling hungry.
All of the chunks of flesh in your inventory have rotted away.
A red film seems to cover your vision as you go berserk!
You feel yourself moving faster!
You feel mighty!
You feel somewhat more hungry. The fire dragon bites you!
* * * LOW HITPOINT WARNING * * *
The fire dragon claws you.
* * * LOW HITPOINT WARNING * * *
The fire dragon completely misses you.
A crocodile comes into view.
You barely miss the fire dragon. You headbutt the fire dragon!
The fire dragon is lightly wounded.
You slash the fire dragon!
The fire dragon is moderately wounded.
The fire dragon breathes flames at you. The blast of flame hits you!
The fire burns you terribly!
You die...

♣♣♣♣
♣♣..≈≈♣♣♣
♣..≈≈≈♣.♣
.P≈≈≈≈l.♣♣
♣≈D@.♣♣♣
≈≈≈≈t♣≈≈P..♣♣
≈≈≈ ♣♣≈≈...♣♣
≈ ♣♣≈≈...♣
♣♣≈≈..♣♣
♣≈..♣.♣♣
♣♣≈≈P...♣
♣..≈...P♣
♣.♣≈≈≈♣♣.♣♣ #


You could see a fire dragon, a basilisk and a crocodile.

Vanquished Creatures
  Gastronok (Lair:1)
  Nessos (Lair:6)
  A minotaur (Lab)
  5 hydras
  4 death yaks (Lair:6)
  Urug (Lair:2)
  A fire crab (Lair:6)
  5 lindwurms
  A griffon (Lair:6)
  3 elephants (Lair:6)
  Joseph (D:7)
  3 sirens (Lair:2)
  7 torpor snails (Lair:6)
  4 black mambas
  16 spiny frogs
  4 rime drakes
  5 komodo dragons
  A merfolk (Lair:2)
  3 meliai (Lair:4)
  A queen bee (Lair:4)
  4 giant leeches (Lair:6)
  15 blink frogs
  2 redbacks (Lair:3)
  45 yaks
  A steam dragon (Lair:6)
  8 hippogriffs
  The ghost of matakusis the Ducker, an amateur DsGl (D:3)
  4 hungry ghosts (Lab)
  Grum (D:9)
  Menkaure (D:7)
  8 water moccasins
  4 porcupines
  4 swamp drakes (Lair:6)
  7 ogres
  A phantom (D:5)
  A sky beast (D:9)
  An ice beast (D:5)
  6 wasps (Lair:6)
  7 wolves
  4 centaurs
  20 crocodiles
  Blork the orc (D:6)
  12 giant frogs
  4 big kobolds
  6 scorpions
  25 killer bees
  3 crimson imps
  5 hounds
  3 jellies
  6 orc priests
  A centaur skeleton (D:5)
  Jessica (D:3)
  Ijyb (D:3)
  11 iguanas
  9 orc wizards
  6 worker ants
  15 sheep
  A hound zombie (D:9)
  A worker ant zombie (D:8)
  A howler monkey skeleton (D:4)
  8 gnolls
  16 adders
  41 river rats
  A shadow imp (D:7)
  2 adder skeletons (D:6)
  3 worms
  2 dart slugs
  5 giant geckos
  27 orcs
  7 giant cockroaches
  8 goblins
  5 hobgoblins
  20 jackals
  10 kobolds
  7 quokkas
  A ball python (D:4)
  9 bats
  A giant gecko zombie (D:5)
  2 giant newts
  A quokka skeleton (D:6)
  5 rats
  A plant (Lair:5)
507 creatures vanquished.

Vanquished Creatures (others)
  17 fungi
  26 plants
43 creatures vanquished.

Grand Total: 550 creatures vanquished

Notes
Turn   | Place    | Note
-------+----------+-------------------------------------------
     0 | D:1      | Kilingo the Minotaur Berserker began the quest for the Orb.
     0 | D:1      | Reached XP level 1. HP: 19/19 MP: 0/0
   281 | D:1      | Reached XP level 2. HP: 27/27 MP: 1/1
   665 | D:1      | Reached skill level 4 in Long Blades
   798 | D:2      | Reached XP level 3. HP: 20/33 MP: 2/2
  1226 | D:2      | Reached ** piety under Trog
  1270 | D:2      | Found a white marble altar of Elyvilon.
  1471 | D:2      | Reached XP level 4. HP: 14/41 MP: 3/3
  1683 | D:2      | Found a burning altar of Makhleb.
  1803 | D:3      | Noticed Ijyb
  1813 | D:3      | Killed Ijyb
  1813 | D:3      | Reached XP level 5. HP: 47/47 MP: 4/4
  1846 | D:3      | Noticed Jessica
  1852 | D:3      | Killed Jessica
  1930 | D:3      | Reached skill level 5 in Long Blades
  2051 | D:3      | Reached skill level 5 in Fighting
  2083 | D:3      | Noticed matakusis's ghost (amateur DsGl)
  2134 | D:2      | Reached XP level 6. HP: 27/56 MP: 5/5
  2547 | D:3      | Found an opulent altar of Gozag.
  2547 | D:3      | Found a basalt altar of Yredelemnul.
  2547 | D:3      | Found a glowing golden altar of the Shining One.
  2700 | D:3      | Reached skill level 5 in Dodging
  2797 | D:3      | Killed matakusis's ghost
  2797 | D:3      | Reached XP level 7. HP: 47/61 MP: 6/6
  3021 | D:3      | Reached *** piety under Trog
  3154 | D:4      | You fall through a shaft!
  3154 | D:5      | Entered Level 5 of the Dungeon
  3222 | D:4      | Reached skill level 1 in Stealth
  3345 | D:4      | Found an oddly glowing altar of Pakellas.
  3345 | D:4      | Found Pakellas's Prime Provisions.
  3478 | D:4      | Reached skill level 6 in Long Blades
  3514 | D:4      | Found a snail-covered altar of Cheibriados.
  4151 | D:4      | Got a translucent iron amulet
  4152 | D:4      | Identified the amulet "Emefuzei" {Dismiss rC- rN+++ Str+4 Int+3} (You found it on level 4 of the Dungeon)
  4362 | D:4      | Reached XP level 8. HP: 64/71 MP: 7/7
  4522 | D:5      | Found a staircase to the Ecumenical Temple.
  4820 | D:5      | Found a sparkling altar of Nemelex Xobeh.
  5133 | D:5      | Reached skill level 7 in Long Blades
  5356 | D:6      | Reached **** piety under Trog
  5549 | D:6      | Reached XP level 9. HP: 65/81 MP: 8/8
  6015 | D:6      | Noticed Blork the orc
  6254 | D:7      | Noticed Joseph
  6446 | D:7      | Found a glowing silver altar of Zin.
  6459 | D:7      | Noticed Menkaure
  6461 | D:7      | Killed Menkaure
  6488 | D:7      | Found a shadowy altar of Dithmenos.
  6519 | D:7      | Killed Joseph
  6519 | D:7      | Reached skill level 8 in Long Blades
  6519 | D:7      | Reached skill level 5 in Armour
  6787 | D:7      | Reached skill level 1 in Evocations
  7454 | D:6      | Killed Blork the orc
  7586 | D:8      | Found a staircase to the Lair.
  7971 | D:8      | Got a wavering tin amulet
  8129 | D:8      | Reached skill level 9 in Long Blades
  8196 | D:8      | Noticed a three-headed hydra
  8200 | D:8      | Killed a two-headed hydra
  8200 | D:8      | Reached XP level 10. HP: 91/91 MP: 10/10
  8260 | D:8      | Reached ***** piety under Trog
  8406 | D:8      | Found a sacrificial altar of Ru.
  8410 | D:8      | Found a shadowy altar of Dithmenos.
  8533 | D:8      | Noticed a lindwurm
  8768 | D:9      | Identified the amulet of Dedoy {+Rage rPois rF- Int+2} (You found it on level 8 of the Dungeon)
  8772 | D:9      | Noticed Grum
  8793 | D:9      | Killed Grum
  8793 | D:9      | Reached skill level 10 in Long Blades
  8989 | D:9      | Found a snail-covered altar of Cheibriados.
  9318 | D:9      | Found a hide-covered altar of Uskayaw.
  9322 | D:9      | Noticed an enchanted dagger
  9323 | D:9      | Noticed a hand axe
  9349 | D:9      | Received a gift from Trog
  9424 | D:9      | Reached skill level 10 in Fighting
 10292 | D:8      | Noticed a lindwurm
 10302 | D:8      | Noticed a lindwurm
 10308 | D:8      | Noticed a lindwurm
 10468 | D:8      | Killed a lindwurm
 10645 | D:8      | Killed a lindwurm
 10645 | D:8      | Reached skill level 10 in Dodging
 10674 | D:8      | Killed a lindwurm
 10674 | D:8      | Reached XP level 11. HP: 101/101 MP: 11/11
 10826 | D:8      | Killed a lindwurm
 10826 | D:8      | Reached skill level 1 in Throwing
 11040 | D:9      | Upgraded the game from 0.19-a0-994-g3c636f0 to 0.19-a0-1002-g674d22e
 11066 | Lair:1   | Entered Level 1 of the Lair of Beasts
 11424 | Lair:1   | Noticed Gastronok
 11454 | Lair:1   | Reached skill level 5 in Slings
 11457 | Lair:1   | Reached skill level 5 in Stealth
 11638 | Lair:1   | Killed Gastronok
 11638 | Lair:1   | Reached skill level 11 in Long Blades
 12367 | Lair:1   | Upgraded the game from 0.19-a0-1002-g674d22e to 0.19-a0-1007-g133f65f
 12375 | Lair:2   | Noticed a four-headed hydra
 12739 | Lair:2   | Killed a one-headed hydra
 12848 | Lair:2   | Noticed Urug
 12860 | Lair:2   | Killed Urug
 12899 | Lair:2   | Reached XP level 12. HP: 71/110 MP: 12/12
 13015 | Lair:2   | Found a staircase to the Shoals.
 13030 | Lair:2   | Reached skill level 12 in Long Blades
 13034 | Lair:2   | HP: 5/110 [merfolk/trident (10)]
 14100 | Lair:3   | Found a hole to the Spider Nest.
 14400 | Lair:3   | Received a gift from Trog
 14603 | D:10     | Entered Level 10 of the Dungeon
 15756 | Lair:4   | Reached skill level 13 in Long Blades
 15866 | Lair:4   | Received a gift from Trog
 16920 | Lair:5   | Reached XP level 13. HP: 107/118 MP: 3/14
 17118 | Lair:5   | Found a viscous altar of Jiyva.
 17127 | Lair:5   | Found a staircase to the Slime Pits.
 17228 | Lair:5   | Reached ****** piety under Trog
 17680 | Lair:6   | Entered Level 6 of the Lair of Beasts
 17768 | Lair:6   | Found a labyrinth entrance.
 17775 | Lab      | Entered a labyrinth
 17970 | Lab      | Reached skill level 14 in Long Blades
 18073 | Lab      | Noticed a minotaur
 18081 | Lab      | Killed a minotaur
 18087 | Lab      | Got a heavily runed ring mail
 18098 | Lab      | Identified the cursed +1 ring mail "Toeng" {*Confuse Str+9} (You took it off a minotaur in a labyrinth)
 18133 | Lair:6   | Noticed Nessos
 18139 | Lair:6   | Got an encrusted plate armour
 18150 | Lair:6   | Identified the cursed +1 plate armour of Vanity {rF- Dex+4} (You found it on level 6 of the Lair of Beasts)
 18212 | Lair:6   | Received a gift from Trog
 18441 | Lair:6   | Got a crude scale mail
 18452 | Lair:6   | Identified the +6 scale mail of Integrity {+Inv rElec rN+++ Str-5} (You found it on level 6 of the Lair of Beasts)
 18473 | Lair:6   | Upgraded the game from 0.19-a0-1007-g133f65f to 0.19-a0-1008-g4c63d25
 18504 | Lair:6   | Found a runed door.
 18608 | Lair:6   | Received a gift from Trog
 18613 | Lair:6   | Got a faintly glowing glaive {god gift}
 18738 | Lair:6   | Reached skill level 15 in Long Blades
 18890 | Lair:6   | Reached XP level 14. HP: 51/130 MP: 1/15
 19033 | Lair:6   | Killed Nessos
 19033 | Lair:6   | Reached skill level 10 in Armour
 19292 | Lair:6   | Received a gift from Trog
 19329 | Lair:6   | Killed from afar by a fire dragon

Vault maps used:
D:1:      zelgadis_glass_arrival_small
D:2:      nicolae_overflow_hidden_temple, makhleb_grotto_becter,
          solitary_fountain
D:3:      gammafunk_temple_overflow_claw, uniq_jessica, uniq_iyjb
D:4:      johnstein_pakellas_shop, old_standard_altar, first_bread,
          eino_tiny_chamber, hex_intersection
D:5:      nemelex_xobeh_ov_fountains_minmay
D:6:      tgw_sif, st_stairs_11, hex_intersection
D:7:      old_standard_altar, nicolae_dithmenos_through_a_glass_darkly,
          uniq_menkaure, uniq_joseph
D:8:      minitemple, dpeg_lair_monsters, hangedman_ranch, minmay_lindwurm_lava
D:9:      dancing_weapons_uskayaw, lemuel_tele_altar, uniq_grum
Lair:1:   nicolae_quartered_pool_little, st_stairs_3, minivault_25,
          uniq_gastronok
Lair:2:   elwin_shoals_entry_stream, grunt_megastairs_2, uniq_urug
Lair:3:   spider_nest_entry_webs, infiniplex_staircase_pool_2
Lair:4:   special_room
Lair:5:   slime_altar_1
Lair:6:   guppyfry_lair_end_dragon, wormcave, lab_entry_generic, uniq_nessos
Lab:      labyrinth_watery, nicolae_lab_flowing_pool

Skill      XL: |  1  2  3  4  5  6  7  8  9 10 11 12 13 14 |
---------------+-------------------------------------------+-----
Fighting       | 4 5 6 7 9 10 11 12 13 14 | 14.0
Long Blades    | 4 5 6 7 9 10 11 13 15 | 15.7
Dodging        | 3 4 5 6 8 9 10 11 12 | 12.7
Armour         | 3 4 5 6 8 9 10 | 10.1
Stealth        | 1 3 4 5 6 |  6.3
Evocations     | 2 3 |  3.6
Slings         | 2 5 |  5.5
Throwing       | 2 |  2.9

Action                   |  1- 3 |  4- 6 |  7- 9 | 10-12 | 13-15 || total
-------------------------+-------+-------+-------+-------+-------++-------
Melee: Falchion          |   112 |   116 |   167 |    43 |    29 ||   467
       Headbutt          |    11 |    19 |    90 |   167 |   102 ||   389
       Long sword        |       |       |   211 |   482 |       ||   693
       Triple sword      |       |       |       |   195 |   299 ||   494
 Fire: Greatsling        |       |       |       |    67 |       ||    67
Throw: Tomahawk          |       |       |       |    25 |       ||    25
Invok: Berserk           |     3 |     5 |     7 |    13 |    12 ||    40
       Trog's Hand       |       |     2 |     6 |     7 |     1 ||    16
       Burn Spellbooks   |       |       |       |     2 |     1 ||     3
Evoke: Wand              |       |     1 |    15 |    16 |    19 ||    51
       Fan of gales      |       |       |       |     1 |     1 ||     2
  Use: Scroll            |     1 |     1 |    11 |    11 |     4 ||    28
       Potion            |       |       |     2 |     5 |     6 ||    13
 Stab: Sleeping          |       |       |     5 |    10 |     1 ||    16
       Distracted        |       |       |       |     1 |     1 ||     2
       Confused          |       |       |       |       |     1 ||     1
  Eat: Chunk             |     4 |    10 |    18 |    33 |    16 ||    81
       Bread ration      |       |       |     2 |       |       ||     2
       Fruit             |       |       |       |     9 |       ||     9
       Pizza             |       |       |       |     2 |       ||     2
       Royal jelly       |       |       |       |     1 |     3 ||     4
Armor: Animal skin       |     6 |       |       |       |       ||     6
       Leather armour    |     4 |    11 |    35 |    29 |       ||    79
       Ring mail         |       |       |       |     4 |       ||     4
       Scale mail        |       |       |       |    68 |    21 ||    89
       Plate armour      |       |       |       |       |    77 ||    77
Dodge: Dodged            |    49 |    61 |   199 |   456 |   216 ||   981
